 Dungeon Crawl Stone Soup version 0.16.1-4-g8e1b745 (console) character file.

850 Monkaria the Chopper (level 7, -14/67 HPs)
             Began as a Deep Dwarf Skald on Mar 25, 2015.
             Demolished by an ogre
             ... wielding a +0 giant club
              (26 damage)
             ... on level 6 of the Dungeon on Mar 27, 2015.
             The game lasted 00:11:26 (4598 turns).

Monkaria the Chopper (Deep Dwarf Skald)             Turns: 4598, Time: 00:11:27

Health: -14/67     AC:  8    Str: 21    XL:     7   Next: 69%
Magic:  8/8        EV: 11    Int: 13    God:
Gold:   224        SH:  0    Dex: 12    Spells: 1 memorised, 8 levels left

rFire  + . .     SeeInvis .     w - +0 spear (vamp)
rCold  . . .     Clarity  .     y - +0 ring mail
rNeg   . . .     SustAb   .     (no shield)
rPois  .         Gourm    .     v - +0 helmet
rElec  .         Spirit   .     (no cloak)
rCorr  .         Warding  .     (no gloves)
rMut   .         Stasis   .     u - +1 pair of boots
MR     +....                    (no amulet)
Stlth  +.........               r - +4 ring of strength
                                o - ring of protection from fire

@: non-regenerating, somewhat resistant to hostile enchantments, very unstealthy
A: damage resistance, recharge devices, sense surroundings 1, slow healing 3
a: Device Recharging


You were on level 6 of the Dungeon.
You were not hungry.

You visited 1 branch of the dungeon, and saw 6 of its levels.

You collected 224 gold pieces.

Inventory:

Hand weapons
 w - a +0 vampiric spear (weapon)
 O - a +0 war axe
 P - a +0 mace of holy wrath
Armour
 u - a +1 pair of boots (worn)
 v - a +0 helmet (worn)
 y - a +0 ring mail (worn)
 M - the -4 pair of gloves of Xaho {rPois}
   (You found it on level 7 of the Dungeon)

   It protects you from poison.
 N - a +3 plate armour
Jewellery
 o - a ring of protection from fire (left hand)
 r - a +4 ring of strength (right hand)
Magical devices
 d - a wand of heal wounds (5)
Scrolls
 b - 3 scrolls of remove curse
 g - 2 scrolls of fear {unknown}
 m - 2 scrolls of enchant armour {unknown}
 n - a scroll of noise {unknown}
 A - a scroll of random uselessness {unknown}
 B - a scroll of teleportation {unknown}
 D - a scroll of amnesia {unknown}
 H - a scroll of recharging {unknown}
 L - a scroll of holy word {unknown}
Potions
 a - a potion of poison
 e - a potion of beneficial mutation
 h - 5 potions of curing
 j - 2 potions of agility
 k - a potion of invisibility {unknown}
 l - 3 potions of heal wounds
 q - 2 potions of brilliance
 x - a potion of magic
 z - 2 potions of restore abilities
 G - a potion of cancellation
Books
 c - a book of Battle

   Spells                             Type                      Level
   a - Infusion                       Charms                       1
   b - Shroud of Golubria             Charms/Translocation         2
   c - Song of Slaying                Charms                       2
   d - Spectral Weapon                Hexes/Charms                 3
   e - Regeneration                   Charms/Necromancy            3
 I - a book of Necromancy

   Spells                             Type                      Level
   a - Pain                           Necromancy                   1
   b - Animate Skeleton               Necromancy                   1
   c - Vampiric Draining              Necromancy                   3
   d - Regeneration                   Charms/Necromancy            3
   e - Animate Dead                   Necromancy                   4
   f - Control Undead                 Necromancy                   4
 J - a book of the Sky

   Spells                             Type                      Level
   a - Flight                         Charms/Air                   3
   b - Airstrike                      Air                          4
   c - Silence                        Hexes/Air                    5
   d - Deflect Missiles               Charms/Air                   6
   e - Conjure Ball Lightning         Conjuration/Air              6
   f - Tornado                        Air                          9
 K - a book of Summonings

   Spells                             Type                      Level
   a - Abjuration                     Summoning                    3
   b - Recall                         Summoning/Translocation      3
   c - Shadow Creatures               Summoning                    5
   d - Summon Demon                   Summoning                    5
   e - Summon Forest                  Summoning/Translocation      5
   f - Monstrous Menagerie            Summoning                    6
Comestibles
 f - 4 bread rations
 i - 2 slices of pizza
 p - 5 fruits
 s - a chunk of flesh
 C - 2 beef jerkies
 E - a meat ration
 F - a royal jelly


   Skills:
 - Level 5.0 Fighting
 + Level 7.7 Axes
 - Level 1.2 Armour
 - Level 1.2 Dodging
 - Level 1.9 Spellcasting
 - Level 2.8 Charms


You had 8 spell levels left.
You knew the following spells:

 Your Spells              Type           Power        Failure   Level  Hunger
a - Infusion              Chrm           #.....       17%         1    ##.....


Dungeon Overview and Level Annotations

Branches:
Dungeon (7/15)
 Temple: D:4-7

Altars:
Gozag
Trog

Shops:
D:3 *   D:7 [((


Innate Abilities, Weirdness & Mutations

You are resistant to damage.
You can recharge devices by infusing magical energy.
You passively map a small area around you.
You do not heal naturally.


Message History

Unknown command.
You hit the ogre but do no damage. You hit the ogre but do no damage.
The ogre hits you with a giant club!
You barely miss the ogre. You hit the ogre.
You feel better.
The ogre is lightly wounded.
The ogre hits you with a giant club!!
You hit the ogre.
You feel better.
The ogre is moderately wounded.
The ogre closely misses you.
You hit the ogre.
The ogre is heavily wounded.
You hit the ogre.
The ogre is severely wounded.
The ogre hits you with a giant club!!
* * * LOW HITPOINT WARNING * * *
You hit the ogre.
The ogre is almost dead.
The ogre hits you with a giant club!!
You die...

#........# ,..#, , .........# ..
..#.## ........#... ..#.. ,
.......#.... ..#.#
###...####....*#.#.# *
..)...........##...###.*
###...####...........#.# ......#
#...........#.# ......#
#.....O@....#.# ......#
#...........#.# ......#
###.#####)###.# ###...#
#.......)##.# ###...#
########.##.#########
.....####### #..#..........
###........#*#######.#.#########
.......................#
###........#*#######...#####.#.#


You could see an ogre.

Vanquished Creatures
  An orc warrior (D:7)
  2 ogres (D:7)
  Duvessa (D:7)
  A giant frog (D:7)
  2 crimson imps
  Dowan (D:7)
  2 centaur skeletons
  An orc priest (D:7)
  2 orc wizards (D:3)
  Jessica (D:2)
  A hound zombie (D:7)
  6 gnolls
  3 adders
  A worm (D:3)
  A shadow imp (D:7)
  2 oozes (D:3)
  8 orcs
  5 giant cockroaches
  6 hobgoblins
  5 jackals
  12 kobolds
  3 quokkas
  A ball python (D:1)
  5 bats
  2 giant geckos
  3 giant newts (D:2)
  5 goblins
  14 rats
97 creatures vanquished.

Notes
Turn   | Place    | Note
--------------------------------------------------------------
     0 | D:1      | Monkaria, the Deep Dwarf Skald, began the quest for the Orb.
     0 | D:1      | Reached XP level 1. HP: 19/19 MP: 2/2
     0 | D:1      | Upgraded the game from 0.16.1-2-g95b8d4c to 0.16.1-4-g8e1b745
   118 | D:1      | Reached XP level 2. HP: 23/26 MP: 3/3
   847 | D:2      | Noticed Jessica
   856 | D:2      | Killed Jessica
   856 | D:2      | Reached skill level 3 in Fighting
   856 | D:2      | Reached XP level 3. HP: 19/34 MP: 5/5
  1033 | D:2      | Found a bloodstained altar of Trog.
  1033 | D:2      | Noticed a moth of wrath
  1603 | D:2      | Reached XP level 4. HP: 30/42 MP: 6/6
  1976 | D:2      | Reached skill level 4 in Fighting
  2426 | D:3      | Found an opulent altar of Gozag.
  2529 | D:3      | Reached XP level 5. HP: 18/51 MP: 8/8
  2933 | D:3      | Found Gozag's Platinum Reserve.
  3159 | D:4      | Reached skill level 5 in Fighting
  3221 | D:4      | You fall through a shaft for 3 floors!
  3315 | D:7      | Got a pair of faintly humming gloves
  3323 | D:7      | Identified the -4 pair of gloves of Xaho {rPois} (You found it on level 7 of the Dungeon)
  3371 | D:7      | Noticed an ogre
  3388 | D:7      | Killed an ogre
  3388 | D:7      | Reached XP level 6. HP: 52/61 MP: 9/9
  3424 | D:7      | Noticed an ogre
  3441 | D:7      | Killed an ogre
  3485 | D:7      | Found Troatt's Weapon Shop.
  3543 | D:7      | Found Khamiap's Antique Weapon Shoppe.
  3676 | D:7      | Reached skill level 5 in Axes
  3680 | D:7      | Found Praidgh's Armour Shop.
  3760 | D:7      | Noticed Duvessa
  3760 | D:7      | Noticed Dowan
  3777 | D:7      | Killed Dowan
  3782 | D:7      | Killed Duvessa
  3782 | D:7      | Reached skill level 6 in Axes
  3782 | D:7      | Reached XP level 7. HP: 48/67 MP: 4/9
  3982 | D:7      | Noticed an orc warrior
  4018 | D:7      | HP: 1/67 [orc warrior/war axe (5)]
  4053 | D:7      | Killed an orc warrior
  4053 | D:7      | Reached skill level 7 in Axes
  4598 | D:6      | Demolished by an ogre

Action                   |  1- 3 |  4- 6 |  7- 9 || total
-------------------------+-------+-------+-------++-------
Melee: Hand axe          |   125 |    54 |       ||   179
       Spear             |       |   241 |   224 ||   465
 Cast: Infusion          |       |     1 |       ||     1
 Abil: Device Recharging |       |     1 |     1 ||     2
Evoke: Wand              |     1 |     5 |     4 ||    10
  Use: Scroll            |       |    10 |     1 ||    11
       Potion            |       |     2 |       ||     2
 Stab: Distracted        |       |       |     1 ||     1
  Eat: Chunk             |     2 |     2 |     4 ||     8
       Meat ration       |       |     2 |       ||     2
